[Event "AUT Bundesliga 2021-22"]
[Site "Graz"]
[Date "2022.04.21"]
[Round "9.12"]
[White "Csonka, Attila Istvan"]
[Black "Steindl, Johannes"]
[Result "0-1"]
[ECO "B53"]
[WhiteElo "2334"]
[BlackElo "2237"]
[Annotator "TA"]
[PlyCount "64"]
[EventDate "2021.01.17"]
[EventType "team-tourn"]
[EventCountry "AUT"]
[SourceTitle "playchess.com"]
[Source "ChessBase"]
[SourceQuality "1"]
[TimeControl "40/5400+30:1800+30"]

1. e4 c5 2. Nf3 d6 3. d4 cxd4 4. Qxd4 Nc6 5. Bb5 Bd7 6. Bxc6 Bxc6 7. Nc3 Nf6 8. Bg5 e6 9. O-O-O Be7 10. Rhe1 O-O 11. Kb1 Qa5 12. Qd2 Kh8 13. Nd4 Rac8 {[%emt 0:03:16] B53: Sicilian: 2...d6: Lines with Qxd4.} 14. f3 (14. Nxc6 Rxc6 15. f3 Rfc8 $11) 14... Rfe8 (14... a6 $14 {deserves consideration.}) 15. g4 ({Reject} 15. Nxc6 bxc6 16. Ne2 Qxd2 17. Bxd2 d5 $11) (15. Bxf6 $5 gxf6 16. Ncb5 $1 (16. Nxc6 bxc6 17. Qf4 Qg5 $11) 16... Qxd2 17. Rxd2 $14) 15... a6 {[%emt 0:11:44] White is slightly better.} 16. h4 b5 {[%emt 0:02:00] [#]} 17. Bxf6 $146 ({Predecessor:} 17. a3 Bb7 18. Nb3 Qc7 19. Ne2 Red8 20. Nf4 e5 21. Bxf6 Bxf6 22. g5 Be7 23. Nd5 Bxd5 24. exd5 {1-0 (74) Vasiukov,E (2460)-Iliushkin,E (2304) Plovdiv 2013}) 17... Bxf6 18. g5 Be7 19. f4 Bb7 (19... Ba8 $5 ) 20. Re3 (20. a3 $11) 20... Rc4 ({Black should play} 20... b4 $1 $15 21. Nce2 Rc4) 21. h5 ({Better is} 21. a3) 21... b4 $11 22. Nce2 Rec8 ({Black should try} 22... e5 $1 $15 23. fxe5 Bxg5 24. exd6 Qc5) 23. Rc1 {[%emt 0:06:32] [#]} (23. Qd3 $11) 23... e5 $1 $36 {[%emt 0:06:01][%mdl 2048] Black has strong initiative.} 24. Nf5 exf4 25. h6 $2 {[%emt 0:00:54][%mdl 8192] White does not recover from this.} Bxg5 $19 {[%emt 0:05:38] Dancing on a razor blade.} ({Don't play} 25... fxe3 26. hxg7+ Kg8 27. Nxe7+ Kxg7 28. Qxd6 $18) 26. hxg7+ (26. Rd3 $142 Bxe4 27. Nxd6) 26... Kg8 27. Rg3 {[%emt 0:20:40] [#]} Bxe4 $1 {[%emt 0:00:54] And now ...Rxc2 would win.} 28. Rxg5 Bxf5 29. Ka1 Qe5 30. c3 f3 31. Nd4 {[%emt 0:03:28] [#]} bxc3 $1 32. bxc3 {[%emt 0:00:30] [#]} Rxd4 $1 {[%emt 0:00:08] Weighted Error Value: White=1.26/Black=0.10 (very precise)} 0-1

[Event "AUT Bundesliga 2021-22"]
[Site "Graz"]
[Date "2022.04.21"]
[Round "9.13"]
[White "Neugebauer, Martin"]
[Black "Haba, Petr"]
[Result "1/2-1/2"]
[ECO "B48"]
[WhiteElo "2502"]
[BlackElo "2441"]
[Annotator "TA"]
[PlyCount "143"]
[EventDate "2021.01.17"]
[EventType "team-tourn"]
[EventCountry "AUT"]
[SourceTitle "playchess.com"]
[Source "ChessBase"]
[SourceQuality "1"]
[TimeControl "40/5400+30:1800+30"]

1. e4 c5 2. Nf3 e6 3. d4 cxd4 4. Nxd4 Nc6 5. Nc3 Qc7 6. Be3 a6 7. f4 b5 8. Nxc6 Qxc6 9. Be2 Ba3 {[%emt 0:01:05] [#]} 10. Na4 $146 {[%emt 0:07:08] B49: Sicilian: Taimanov: 5 Nc3 Qc7 6 Be3 a6 7 Be2.} ({Predecessor:} 10. Nxb5 axb5 11. bxa3 Qxe4 12. Bd4 Bb7 13. Qd3 Ne7 14. Qxe4 Bxe4 15. Bxb5 Bxc2 16. Rc1 Ba4 17. Bd3 Bc6 {0-1 (46) Ponomariov,R (2731)-Ivanchuk,V (2731) Beijing 2013}) 10... bxa4 11. bxa3 Nf6 12. Bf3 {[%emt 0:05:02] Black should prevent Qd4.} d5 13. exd5 exd5 14. O-O O-O $1 15. Bd4 Ne4 16. Re1 Bf5 17. Rc1 $36 {[%emt 0:11:32][%cal Oc2c4][%mdl 2048] White has the initiative.} Nd6 {[%emt 0:09:22] [#]} (17... Rae8 $11 {and Black has nothing to worry.}) 18. Be5 {[%emt 0:09:26] This bishop pair is nice.} ({Only move:} 18. c4 $1 $18) 18... Be4 19. Bxe4 $1 Nxe4 20. c4 $1 dxc4 21. Qd4 f6 22. Qxe4 $16 Qxe4 23. Rxe4 fxe5 24. fxe5 {[%emt 0:00:09][%mdl 4096] Endgame KRR-KRR} Rad8 25. h4 h5 26. Rcxc4 Rd1+ 27. Kh2 Re8 28. Rc6 {[%emt 0:05:24] Prevents Re6.} Rd5 29. e6 a5 30. Rxa4 {[%emt 0:04:06] &Bianco is more active.} (30. Kg3 $16) 30... Re5 $14 31. Kg3 R5xe6 32. Rxe6 Rxe6 33. Rxa5 {[%emt 0:02:36] KR-KR} Re3+ 34. Kf4 Re2 35. Rg5 ({Better is} 35. g3 $16 Rf2+ 36. Ke3) 35... Rxa2 36. Rg3 {[%emt 0:00:02] [#] And now Kg5 would win.} Kh7 $1 {[%emt 0:01:06] The position is equal.} 37. Ke4 (37. Kg5 $5 ) 37... g6 38. Kd5 Rf2 39. Ke4 Ra2 40. Kd4 {[%emt 0:00:00] Strongly threatening Kc5.} Rf2 41. Kc3 Rf4 42. Kb3 {[%emt 0:03:51] Hoping for a4.} Rxh4 43. a4 Re4 44. a5 h4 45. Rg5 {[%emt 0:01:43] a6 is the strong threat.} Kh6 $1 46. Rc5 {[%emt 0:00:08] Threatens to win with a6.} Re6 47. Rb5 Re3+ 48. Kb4 {[%emt 0:01:41] aiming for a6.} Re4+ 49. Ka3 {[%emt 0:01:05] Black must now prevent a6.} Re1 50. Rb2 Kh5 51. a6 Re6 52. Rb5+ Kg4 (52... g5 $5 53. Ra5 Kg4 $14) 53. Ra5 Re8 54. Kb4 g5 55. Ra3 Rf8 56. Kc5 {[%emt 0:02:11] a7 would kill now.} Rf5+ 57. Kd6 {[%emt 0:00:24] Intending Ke7 and mate.} Rf8 58. a7 {[%emt 0:02:52] White threatens Kc5 and mate.} Ra8 59. Kc5 Rxa7 $1 60. Rxa7 $11 {[%emt 0:00:04] White wants to mate with Ra3. KR-KPP} Kg3 61. Rg7 Kxg2 62. Rxg5+ {[%emt 0:00:04] KR-KP} Kf3 (62... Kh3 {leads to mate.} 63. Kd4 Kh2 64. Ke3 Kh1 65. Kf2 Kh2 66. Rg4 Kh3 67. Rc4 Kh2 68. Rxh4#) 63. Rh5 Kg3 64. Kd4 h3 65. Ke3 Kg2 66. Rg5+ Kf1 $1 67. Rf5+ Kg2 68. Rf2+ Kg3 69. Rf8 Kg2 $1 70. Ke2 {[%emt 0:01:45] Threatening mate with Rg8+.} h2 71. Rg8+ Kh1 72. Kf2 {Weighted Error Value: White=0.08 (flawless) /Black=0.08 (flawless)} 1/2-1/2

[Event "AUT Bundesliga 2021-22"]
[Site "Graz"]
[Date "2022.04.21"]
[Round "9.14"]
[White "Kilgus, Georg"]
[Black "Dobosz, Henryk"]
[Result "1/2-1/2"]
[ECO "C50"]
[WhiteElo "2415"]
[BlackElo "2384"]
[Annotator "TA"]
[PlyCount "94"]
[EventDate "2021.01.17"]
[EventType "team-tourn"]
[EventCountry "AUT"]
[SourceTitle "playchess.com"]
[Source "ChessBase"]
[SourceQuality "1"]
[TimeControl "40/5400+30:1800+30"]

1. e4 e5 2. Nf3 Nc6 3. Bc4 Bc5 4. Nc3 Nf6 5. d3 h6 6. O-O a6 {[%emt 0:01:33] Recently 6...0-0 got a lot of attention.} 7. a4 d6 {[%emt 0:00:43] C50: Hungarian Defence and Giuoco Pianissimo.} 8. Be3 Ba7 9. Bxa7 Rxa7 {[%emt 0:00:11] White has an edge.} 10. h3 O-O 11. d4 {[%emt 0:05:53] [#]} Ra8 $146 ({Predecessor:} 11... exd4 12. Nxd4 Ne5 13. Ba2 c5 14. Nf3 Nxf3+ 15. Qxf3 Be6 16. Rad1 Qb6 17. Bxe6 fxe6 {1-0 (45) Plotkin,V (2403)-Sapozhnikov,R (2459) Toronto 2011}) 12. dxe5 Nxe5 13. Nxe5 dxe5 14. Qxd8 Rxd8 15. Rad1 Bd7 (15... Rd4 $5 16. b3 Be6 $11) 16. f4 Be6 17. Rxd8+ Rxd8 18. Bxe6 fxe6 19. fxe5 $11 {[%emt 0:00:02][%mdl 4096] Endgame KRN-KRN} Nd7 20. Rd1 Kf7 21. a5 Ke7 22. Na4 Rb8 ({Don't do} 22... Nxe5 23. Rxd8 Kxd8 24. Nc5 $16) 23. b4 b6 24. axb6 cxb6 25. Rd6 Nxe5 26. Rxb6 Rxb6 27. Nxb6 {[%emt 0:00:03] KN-KN} Kd6 28. Na4 Kc6 29. c3 (29. Nb2 $11 {remains equal.}) 29... Nd3 $17 {[%emt 0:02:50][%mdl 1024] Threatens to win with ...Kb5. Black has strong compensation.} 30. Kf1 Kb5 31. Ke2 {[%emt 0:00:21] [#]} Nc1+ (31... Nxb4 $1 $17 32. Nb2 Nc6) 32. Kd1 $11 {[%emt 0:00:38] The position is equal.} Na2 33. Nc5 {[%emt 0:00:17] aiming for Kc2.} Nxc3+ 34. Kd2 Kxb4 35. Nxa6+ Kc4 36. Ke3 Nb5 37. h4 e5 38. h5 Nd4 39. Nc7 Kc3 40. Nd5+ Kc4 41. Ne7 Kc5 42. Nf5 {[%emt 0:04:28] [#] Strongly threatening Nxd4.} Ne6 43. g3 Kc6 44. Kd3 Nc5+ 45. Ke3 Ne6 46. Kd3 Nc5+ 47. Ke3 Ne6 {Weighted Error Value: White=0.10 (very precise) /Black=0.06 (flawless)} 1/2-1/2

[Event "AUT Bundesliga 2021-22"]
[Site "Graz"]
[Date "2022.04.21"]
[Round "9.15"]
[White "Mira, Helene"]
[Black "Schwabeneder, Florian"]
[Result "1/2-1/2"]
[ECO "E20"]
[WhiteElo "2090"]
[BlackElo "2437"]
[Annotator "TA"]
[PlyCount "99"]
[EventDate "2021.01.17"]
[EventType "team-tourn"]
[EventCountry "AUT"]
[SourceTitle "playchess.com"]
[Source "ChessBase"]
[SourceQuality "1"]
[TimeControl "40/5400+30:1800+30"]

1. d4 Nf6 2. c4 e6 3. Nc3 Bb4 4. Bd2 d5 5. e3 O-O 6. Nf3 b6 7. Bd3 dxc4 8. Bxc4 Bb7 9. O-O Nbd7 10. Qe2 {[%emt 0:07:45] E52: Nimzo-Indian: Rubinstein: 4...0-0 5 Nf3 d5 6 Bd3 b6.} a6 11. a3 Bd6 12. e4 e5 (12... c5 $1 $11) 13. d5 $14 {[%emt 0:00:31] [#] &Bianco is more active.} Re8 $146 ({Predecessor:} 13... b5 14. Ba2 c6 15. dxc6 Bxc6 16. Rfd1 Bc5 17. Bg5 Qb6 18. Bxf6 Nxf6 19. Nxe5 Bb7 {0-1 (65) Quiroga,F (2300)-Bronstein,L (2415) Buenos Aires 1996}) 14. g3 b5 15. Ba2 Nf8 16. Nh4 Bc8 17. b4 Ng6 18. Nxg6 hxg6 19. Bg5 Bh3 20. Rfc1 Qd7 21. f3 Nh7 22. Be3 f5 23. Nd1 fxe4 24. fxe4 Bg4 25. Qg2 (25. Qd3 $11) 25... Rf8 (25... a5 $5 ) 26. Nf2 {[%emt 0:00:07] Inhibits Bh3.} Bf3 27. Qh3 Qxh3 28. Nxh3 Bxe4 (28... a5 $1 $15 29. Bd2 (29. Nf2 $2 axb4 30. axb4 Ra3 $19) 29... axb4 30. Bxb4 Nf6) 29. Nf2 Bf3 {[%emt 0:00:46] [#]} 30. Bc5 (30. Rxc7 $1 $11 Bxc7 (30... a5 31. Bc5) 31. d6+ Kh8 32. dxc7) 30... Nf6 $36 {[%emt 0:02:29][%mdl 2048] Black has the initiative.} ({Better is} 30... g5 $17 31. Bb3 Nf6) 31. Bxd6 (31. Rc3 $1 $15 e4 32. Re1) 31... cxd6 $17 32. Rc6 (32. Rc3 $17 e4 33. Re1) 32... Rfd8 ({Weaker is} 32... Bxd5 33. Bxd5+ Nxd5 34. Rxd6 $11) ({Don't play} 32... Nxd5 33. Rc3 (33. Rxd6 Rad8 $16) 33... Rad8 34. Rxf3 $1 Rxf3 35. Bxd5+ Rf7 36. Rc1 $18 (36. Bxf7+ Kxf7 37. Rc1 Ke6 $18)) 33. Rac1 (33. Re1 $17) 33... a5 $19 ({And not} 33... Bxd5 34. Bxd5+ Nxd5 35. Ne4 $15) 34. R1c3 (34. bxa5 $142 Rxa5 35. R1c3 Bxd5 36. Bxd5+ Nxd5 37. Rd3) 34... Bxd5 35. Bxd5+ Nxd5 36. Rd3 {[%emt 0:00:12] [#]} (36. Rb3 $142 axb4 37. axb4) 36... Nf6 $2 (36... axb4 $1 $19 {is more deadly.} 37. Rxd5 bxa3) 37. Rdxd6 $17 Rxd6 38. Rxd6 axb4 39. axb4 {[%emt 0:00:09][%mdl 4096] Endgame KRN-KRN} Ra1+ $1 40. Kg2 {[%emt 0:00:00] [#]} Ra2 $1 41. Kg1 e4 42. Rb6 {[%emt 0:05:09] [#]} Rd2 ({Black should play} 42... e3 $1 $17 43. Nd3 Rd2) 43. Nh3 $11 e3 {[%emt 0:09:57] aiming for ...Rd1+.} 44. Ng5 {[%emt 0:18:51] Rb8+ would kill now.} Kf8 {[%emt 0:00:41] Hoping for ...Rd1+.} 45. Re6 Rb2 46. Rxe3 Rxb4 47. Kg2 Rb2+ 48. Kf3 b4 49. h4 b3 ({Black should try} 49... Ra2 $15) 50. Ne6+ {[%emt 0:01:11] And White is the lucky defender.  Weighted Error Value: White=0.25 (precise) /Black=0.27 (precise)} 1/2-1/2

[Event "AUT Bundesliga 2021-22"]
[Site "Graz"]
[Date "2022.04.21"]
[Round "9.16"]
[White "Leisch, Lukas"]
[Black "Kozissnik, Christian"]
[Result "1-0"]
[ECO "A05"]
[WhiteElo "2403"]
[BlackElo "2018"]
[Annotator "TA"]
[PlyCount "121"]
[EventDate "2021.01.17"]
[EventType "team-tourn"]
[EventCountry "AUT"]
[SourceTitle "playchess.com"]
[Source "ChessBase"]
[SourceQuality "1"]
[TimeControl "40/5400+30:1800+30"]

1. Nf3 Nf6 2. b3 g6 3. Bb2 Bg7 4. g3 O-O 5. Bg2 c5 6. O-O d5 7. e3 {[%emt 0:01:57] A05: Réti Opening: 1 Nf3 Nf6.} Bg4 8. h3 Bxf3 9. Qxf3 {[%emt 0:01:24] The position is equal.} Nc6 {[%emt 0:01:42] [#]} 10. d4 $146 ({Predecessor:} 10. d3 e5 11. Nd2 Qe7 12. e4 d4 13. a4 Ne8 14. Nc4 Nd6 15. Qe2 Nxc4 16. bxc4 {½-½ (63) Ooi,Z (2123)-Javanbakht,N (2472) Chess.com INT 2020}) 10... cxd4 (10... Ne4 $5 11. c4 e6 $15) 11. exd4 Qd7 12. Nd2 e6 13. Qe2 Rfc8 14. Kh2 b5 15. c3 b4 16. cxb4 (16. c4 $1 $11) 16... Nxb4 17. a3 $1 {[%emt 0:00:49] [#]} Nc6 (17... Rc2 18. Rab1 Nc6 19. Rfc1 (19. Qd3 Rxb2 20. Rxb2 Nxd4 $11) 19... Rxc1 20. Rxc1 $11) 18. b4 Ne8 19. Qd3 Nd6 20. Rac1 {[%emt 0:01:50] [#]} (20. Rfb1 $17 {was worth a try.}) 20... Ne7 (20... a5 $1 $19 21. bxa5 (21. b5 $2 Nxb5 22. Nf3 Nd6 $19) 21... Rxa5) 21. Rfd1 Rxc1 22. Rxc1 Rc8 23. Rc5 Nb7 24. Rc3 Rxc3 25. Qxc3 Qc6 26. Bf1 Kf8 27. b5 Qxc3 28. Bxc3 Nf5 29. Nb3 Ke8 30. g4 Nfd6 31. f3 Kd7 (31... Nc4 $5 ) 32. a4 Nc4 33. Bxc4 dxc4 $14 {[%emt 0:00:03][%mdl 4096] Endgame KBN-KBN} 34. Nd2 Nd6 35. Kg3 g5 (35... h5 $14) 36. h4 (36. Kf2 $16) 36... h6 (36... gxh4+ $14 37. Kxh4 Bh6) 37. hxg5 hxg5 38. Ne4 (38. Kf2 $16) 38... Nxe4+ $2 {[%emt 0:02:54][%mdl 8192] Black is on the road to losing.} (38... Nc8 $11 {and Black stays safe.}) 39. fxe4 $11 {[%emt 0:00:02][%cal Bf3e4,Be4e5][%mdl 32] KB-KB} Kc8 $2 (39... f6 40. e5 fxe5) 40. Kf3 $18 Kb7 (40... Kd7 $142 41. e5 f6) 41. e5 a6 42. bxa6+ Kxa6 43. Ke4 {[%emt 0:00:46] d5 is the strong threat.} f6 44. d5 {[%emt 0:07:44] White mates.} exd5+ 45. Kxd5 fxe5 46. Kxc4 Bf8 47. Kd5 Bh6 48. Bd2 Bg7 49. Ke4 Bf6 50. Kf5 Bd8 51. Kxe5 Bc7+ 52. Kf5 Bd8 53. Bxg5 Bb6 54. Bd2 Bd8 55. Bc3 ({Inferior is} 55. g5 Bxg5 56. Kxg5 Kb7 $11) 55... Be7 56. Bf6 ({Not} 56. g5 Bxg5 57. Kxg5 Kb7 $11) 56... Bf8 57. g5 Bc5 58. g6 Bf8 59. Ke6 Bh6 60. Kf7 Ka5 {[%emt 0:00:04] [#]} 61. Bg5 $1 {[%emt 0:00:28][%mdl 512] Weighted Error Value: White=0.17 (very precise) /Black=0.41} 1-0

[Event "AUT Bundesliga 2021-22"]
[Site "Graz"]
[Date "2022.04.21"]
[Round "9.17"]
[White "Amann, Harald"]
[Black "Webersberger, Johann"]
[Result "0-1"]
[ECO "D93"]
[WhiteElo "1913"]
[BlackElo "2321"]
[Annotator "TA"]
[PlyCount "74"]
[EventDate "2021.01.17"]
[EventType "team-tourn"]
[EventCountry "AUT"]
[SourceTitle "playchess.com"]
[Source "ChessBase"]
[SourceQuality "1"]
[TimeControl "40/5400+30:1800+30"]

1. d4 Nf6 2. c4 g6 3. Nc3 d5 4. Nf3 Bg7 5. Bf4 O-O 6. e3 c5 7. h3 (7. dxc5 $11 Qa5 8. Rc1 (8. cxd5 Nxd5 9. Be5 Nxc3 $15)) 7... Nc6 {[%emt 0:07:18] D92: Grünfeld: 4 Nf3 Bg7 5 Bf4.} 8. Be2 cxd4 9. exd4 dxc4 {[%emt 0:02:51] Black is slightly better.} 10. Bxc4 Na5 11. Be2 Be6 12. O-O Nd5 13. Be5 Bh6 {[%emt 0:09:38] [#]} 14. Ne4 $146 ({Predecessor:} 14. Nh2 Nxc3 15. bxc3 Rc8 16. Bf3 f6 17. Bg3 Bd5 18. Ng4 Bg7 19. Bxd5+ Qxd5 20. Re1 {0-1 (50) Schulz,M (2239)-Meister,J (2479) Berlin 2012}) 14... Nf4 15. Bxf4 Bxf4 16. Qa4 Bd5 17. Nc3 Bc6 {[%emt 0:05:41] A strong pair of Bishops.} 18. Qc2 Rc8 19. Rad1 Bd5 20. Qb1 Nc4 {[%emt 0:04:05] Threatening ...Bxf3.} 21. Rfe1 e6 22. Nxd5 Qxd5 23. Bd3 Rfd8 24. Be4 Qb5 25. b3 Na3 26. Qb2 Nc4 27. Qb1 Nd6 28. Bd3 (28. d5 $11 exd5 29. Bxd5) 28... Qa5 29. g3 Bh6 30. Ne5 Nb5 31. Bxb5 Qxb5 32. Qe4 Qd5 33. Qe2 (33. Qh4 $5 Bg7 34. Qf4 $11) 33... Rc7 34. Ng4 Bg7 {[%emt 0:00:59] Prevents Nf6+.} 35. Ne3 {[%emt 0:00:02] [#]} (35. Ne5 $15) 35... Qe4 {[%emt 0:00:09] &Nero is more active.} ({Black should play} 35... Qc6 $1 $17 36. Ng4 Bxd4) 36. f3 (36. d5 $1 $11) 36... Qc6 $17 37. Qd3 $2 (37. Rd2 $17 {is a better defense.}) 37... Qxf3 {[%emt 0:00:20] Weighted Error Value: White=0.25 (precise) /Black=0.17 (very precise)} 0-1

[Event "AUT Bundesliga 2021-22"]
[Site "Graz"]
[Date "2022.04.21"]
[Round "9.19"]
[White "Krassowizkij, Jaroslaw"]
[Black "Lenic, Luka"]
[Result "0-1"]
[ECO "E32"]
[WhiteElo "2449"]
[BlackElo "2634"]
[Annotator "TA"]
[PlyCount "94"]
[EventDate "2021.01.17"]
[EventType "team-tourn"]
[EventCountry "AUT"]
[SourceTitle "playchess.com"]
[Source "ChessBase"]
[SourceQuality "1"]
[TimeControl "40/5400+30:1800+30"]

1. d4 Nf6 2. c4 e6 3. Nc3 Bb4 4. Qc2 O-O 5. a3 Bxc3+ 6. Qxc3 b6 7. Bg5 Bb7 8. e3 d6 9. f3 {[%emt 0:00:20] is the legacy move (9.Ne2).} c5 (9... h6 $11 10. Bxf6 Qxf6) 10. dxc5 $14 {[%emt 0:00:33] E32: Nimzo-Indian: Classical (4 Qc2): 4...0-0.} bxc5 11. Bxf6 Qxf6 12. Qxf6 {[%emt 0:00:05] The position is equal.} gxf6 13. O-O-O Rd8 14. Ne2 {[%emt 0:00:17] [#]} Kf8 $146 ({Predecessor:} 14... f5 15. Nc3 a6 16. Be2 Nc6 17. Rd2 Kf8 18. Kc2 Ke7 19. Rhd1 Rac8 20. Kb1 Ne5 {½-½ (64) Spata,G (2281)-Mayorga,N (2319) Buenos Aires 2016}) 15. Nc3 Ke7 16. Be2 Nd7 17. Rd2 Nb6 ({Black should play} 17... f5 $11) 18. Rhd1 a6 19. b4 (19. e4 $14) 19... cxb4 20. Rb2 Rab8 {[%emt 0:12:43][%cal Ob7f3] ...Bxf3! is the strong threat.} 21. Rxb4 Nd7 22. Kd2 Bc6 23. Rdb1 Rbc8 24. Ke1 Rg8 25. Kf2 Rg5 26. Bd1 (26. h3 $11 {is more appropriate.}) 26... Rc5 27. Na4 Ra5 {[%emt 0:03:00] Black continues to play with concentration.} 28. f4 f5 29. h3 (29. Nb6 $17 Nxb6 30. Rxb6) 29... Nf6 $19 {[%emt 0:00:39] Threatens to win with ...Rg8.} 30. Nb6 (30. Nc3 {keeps fighting.}) 30... Rg8 31. Bf3 Ne4+ ({Not} 31... Bxf3 32. gxf3 Rxa3 33. Ra4 $15) 32. Ke1 Rxa3 33. R4b3 Rxb3 34. Rxb3 {[%emt 0:00:01] [#]} Nc5 $1 35. Ra3 {[%emt 0:00:03] [#]} Rb8 $1 36. Bxc6 {[%emt 0:00:04] Hoping for Na4.} Rxb6 {[%emt 0:00:01][%mdl 4096] Endgame KRB-KRN} 37. Bf3 Rb4 38. Be2 Rb1+ 39. Kf2 Rb2 40. Ke1 (40. Kf1 {is a better defense.}) 40... Kd7 41. g4 fxg4 42. hxg4 h6 43. g5 hxg5 44. fxg5 Rb8 45. Bh5 Rg8 46. Bxf7 $2 (46. g6) 46... Rxg5 47. Ra2 Ke7 {[%emt 0:00:11] Weighted Error Value: White=0.29 (precise) /Black=0.10 (very precise)} 0-1

[Event "AUT Bundesliga 2021-22"]
[Site "Graz"]
[Date "2022.04.21"]
[Round "9.20"]
[White "Lagarde, Maxime"]
[Black "Kvetny, Mark"]
[Result "1-0"]
[ECO "E11"]
[WhiteElo "2626"]
[BlackElo "2417"]
[Annotator "TA"]
[PlyCount "85"]
[EventDate "2021.01.17"]
[EventType "team-tourn"]
[EventCountry "AUT"]
[SourceTitle "playchess.com"]
[Source "ChessBase"]
[SourceQuality "1"]
[TimeControl "40/5400+30:1800+30"]

1. d4 Nf6 2. c4 e6 3. Nf3 Bb4+ 4. Nbd2 O-O 5. a3 Be7 6. e4 d6 {[%emt 0:00:30][%cal Oe6e5] E11: Bogo-Indian.} 7. b4 a5 8. Bb2 e5 {[%emt 0:04:56] The position is equal.} 9. d5 c6 10. h3 axb4 11. axb4 Rxa1 {[%emt 0:00:05] [#]} 12. Bxa1 $146 ({Predecessor:} 12. Qxa1 b5 13. Qa7 Bd7 14. Bd3 Nh5 15. g3 bxc4 16. Bxc4 Nf6 17. Kf1 cxd5 18. exd5 {0-1 (40) Potpara,N (2371)-Draskovic,L (2439) Pljevlja 2015}) 12... Na6 13. Qb3 cxd5 14. cxd5 Qb6 (14... Bd7 $5 ) 15. Bc3 Bd7 {[%emt 0:00:32] Black wants to play ...Rc8.} 16. Nc4 Qc7 {[%emt 0:04:18] And now ...Rc8 would win.} 17. Nfd2 $1 Rc8 {[%emt 0:02:29] ...b5 is the strong threat.} 18. Bb2 b5 19. Na3 Nh5 20. Ndb1 (20. Nxb5 Qc2 21. Qxc2 (21. Nxd6 $2 Bxd6 22. Bxa6 Ba4 $19) 21... Rxc2 $15) (20. Bxb5 $11 {should be considered.} Bxb5 21. Nxb5) 20... Qb6 21. g3 Bg5 22. Nc2 (22. Be2 $142 Nf6 23. Bf3) 22... f5 (22... Nf6 $17 23. Bg2 Rc4) 23. h4 $15 Bh6 24. Bh3 Qc7 $1 25. Nba3 (25. Nc3 $142) 25... fxe4 $17 26. g4 $2 (26. Be6+ $17 Kh8 27. g4) 26... Nf4 $19 {[%emt 0:00:36] Strongly threatening ...Nd3+.} 27. g5 Nd3+ (27... Nxh3 28. Rxh3 Bxh3 29. Qxh3 Bxg5 30. hxg5 $11) 28. Kf1 {[%emt 0:00:28] [#]} Qa7 $1 29. Bd4 exd4 30. Be6+ Kh8 31. gxh6 gxh6 32. Rg1 Rf8 33. Rg2 Nf4 $2 (33... Be8 $19 34. Nb1 Bg6) 34. Rg4 $17 Bxe6 (34... Be8 $142 35. Qb2 Nd3 36. Qxd4+ Qxd4 37. Nxd4 Naxb4) 35. dxe6 h5 (35... Nd3 36. Nxb5 Rxf2+ 37. Kg1 $11) ({Black should try} 35... Qe7 $1 $17 36. Nxb5 Nxe6 37. Nbxd4 Qf6 $1) 36. Rxf4 Rxf4 37. Qg3 {[%emt 0:00:03] [#]} Rf6 ({Black should play} 37... Rf8 $1 $17 {Hoping for ...d3.} 38. Nxb5 Qg7 39. Qxg7+ Kxg7) 38. Nxb5 $40 {[%emt 0:02:50][%mdl 128] White mounts an attack.} Qe7 39. Ncxd4 d5 ({Don't take} 39... Nxb4 40. Nxd6 e3 {[#]} 41. Qxe3 $1 $16) (39... Nc7 $11 40. Nxd6 (40. Qxd6 $2 Qxd6 41. Nxd6 Nxe6 $19) 40... Nxe6) 40. Nd6 $18 {[%emt 0:00:00] Threatening mate with N4f5.} Rg6 41. Qc3 (41. Nf7+ Kg7 42. Qe5+ Kf8 43. Ng5) 41... Qf6 $2 (41... Qxd6 $18 42. Nf5+ d4 43. Qc8+ (43. Nxd6 $2 {too greedy.} dxc3 44. e7 Nc7 $19) 43... Rg8 44. Qxg8+ (44. Nxd6 Rxc8 45. Nxc8 Kg7 $16) 44... Kxg8 45. Nxd6 Kf8) 42. Nf7+ {[%emt 0:02:36] Pair of Knights!} Kg7 43. Nf5+ {[%emt 0:00:06] Never resign too early!  Weighted Error Value: White=0.51/Black=0.70} 1-0

[Event "AUT Bundesliga 2021-22"]
[Site "Graz"]
[Date "2022.04.21"]
[Round "9.22"]
[White "Diermair, Andreas"]
[Black "Richter, Nils"]
[Result "1-0"]
[ECO "E48"]
[WhiteElo "2469"]
[BlackElo "2320"]
[Annotator "TA"]
[PlyCount "81"]
[EventDate "2021.01.17"]
[EventType "team-tourn"]
[EventCountry "AUT"]
[SourceTitle "playchess.com"]
[Source "ChessBase"]
[SourceQuality "1"]
[TimeControl "40/5400+30:1800+30"]

1. d4 Nf6 2. c4 e6 3. Nc3 Bb4 4. e3 O-O 5. Bd3 d5 6. cxd5 exd5 7. a3 {[%emt 0:00:10] E48: Nimzo-Indian: Rubinstein: 5 Bd3 d5 including 6 Ne2, but excluding 6 a3.} Bd6 8. Qc2 a6 9. Nge2 {[%emt 0:06:13] The position is equal.} Re8 10. b4 {[%emt 0:05:22] [#]} Nbd7 $146 ({Predecessor:} 10... b6 11. O-O Bb7 12. Rb1 Qe7 13. h3 Nbd7 14. b5 a5 15. a4 Rac8 16. Qb3 Nf8 {1-0 (39) Milov,V (2680)-Riff,J (2474) Kemer 2007}) 11. Bd2 b6 12. Na4 Bb7 (12... Ne4 $15) 13. f3 $11 Rc8 14. Rb1 Qe7 15. O-O g6 {[%emt 0:01:13] [#]} 16. Nc5 $1 bxc5 17. bxc5 {[%emt 0:00:06][%mdl 64] Discovered Attack} Bxc5 {[%emt 0:01:03] Hoping for ...Bb6.} 18. Rxb7 Bb6 19. Rb1 a5 20. a4 Qd6 21. Ba6 Bxd4 22. Nxd4 $16 ({Reject} 22. exd4 Qxa6 23. Nf4 c5 $15) 22... Qxa6 23. Rxc7 {[%emt 0:01:22] &Bianco is more active.} Ne5 {[%emt 0:02:03] [#]} 24. Nb5 ({White should try} 24. Rbb7 $1 $16) 24... Nc4 $11 25. Rc1 Qb6 26. Rxc8 Rxc8 27. Qd3 Re8 28. Re1 Qc5 {[%emt 0:08:53] [#]} (28... Nxd2 $11 29. Qxd2 Re6) 29. Bc3 $1 $16 Nd7 30. Qd4 (30. Bd4 {keeps more tension.} Qe7 31. Nc3 Nde5 32. Bxe5 Nxe5 33. Qd4) 30... Qxd4 31. Bxd4 Nf8 (31... Rb8 $16 {keeps fighting.}) 32. Nc3 (32. Nc7 $18 Rd8 33. Rb1) 32... Rd8 33. Kf2 (33. Rb1 $142) 33... f5 34. Rb1 Ne6 35. Rb5 f4 (35... Nc7 $16 {was worth a try.}) 36. Nxd5 $18 ({Don't play} 36. Rxd5 $6 Rxd5 37. Nxd5 Nxd4 38. exd4 Kf7 $16) 36... fxe3+ 37. Bxe3 h5 38. h4 Kg7 $2 (38... Rd6 39. Ke2 Kf7) 39. Rb7+ {[%emt 0:00:19] White is clearly winning.} Kh8 40. Nf6 Nf8 {[%emt 0:00:00] Prevents Rh7+.} 41. Bh6 {[%emt 0:01:18] Weighted Error Value: White=0.11 (very precise) /Black=0.21 (precise)} 1-0